 Dungeon Sprint DCSS version 0.31-a0-486-g8d68a81214 (webtiles) character file.

Game seed: 16387331286813681875

105 rocky1 the Changeling (level 4, -2/29 HPs)
             Began as an Octopode Shapeshifter on Aug 8, 2023.
             Slain by a gnoll sergeant
             ... wielding a +0 trident
              (15 damage)
             ... in the Dungeon (Sprint IX: "|||||||||||||||||||||||||||||").
             The game lasted 00:00:30 (40 turns).

rocky1 the Changeling (Octopode Shapeshifter)         Turns: 40, Time: 00:00:31

Health: -2/29      AC:  1    Str: 14    XL:     4   Next: 83%
Magic:  4/4        EV: 14    Int: 10    God:
Gold:   0          SH:  0    Dex: 14    Spells: 3/3 levels left

rFire   . .          .
                       - Unarmed
rCold   . . .        (no shield)
rNeg    . . .        (helmet currently unavailable)
rPois   .            (no amulet)
rElec   .            (no ring)
rCorr   .            (no ring)
SInv    .            (no ring)
Will    .....        (no ring)
Stlth   +++          (no ring)
HPRegen 0.24/turn    (no ring)
MPRegen 0.09/turn    (no ring)
                     (no ring)

%: no teleportation
@: beast-form
A: beast (slay +4), almost no armour, amphibious, 8 rings, camouflage 1,
gelatinous body 1, (nimble swimmer 1), tentacles
a: Begin Untransformation


You were in the Dungeon.
You were a hulking beast.
You visited 1 branch

Inventory:

Talismans
 b - a beast talisman (active)
Scrolls
 h - a scroll of blinking
Potions
 a - a potion of lignification
 e - a potion of haste
 f - 2 potions of magic
 g - a potion of berserk rage


   Skills:
 + Level 2.0 Fighting
 + Level 3.4 Dodging
 + Level 1.7 Stealth
 + Level 5.7 Unarmed Combat
 + Level 6.3 Shapeshifting


You had 3 spell levels left.
You didn't know any spells.
Your spell library was empty.

Dungeon Overview and Level Annotations

Branches:
Dungeon (1/1)

Altars:


Innate Abilities, Weirdness & Mutations

You are a hulking beast.
Your limbs bulge with bestial killing power. (Slay +4)
You cannot wear most types of armour.
You are amphibious.
You can wear up to eight rings at the same time.
Your skin changes colour to match your surroundings (Stealth+).
Your rubbery body absorbs attacks. (AC +1, EV +1)
((You are camouflaged when in or above water. (Stealth+)))
You have tentacles for arms and can constrict up to eight enemies at once.


Message History

The black bear claws you but does no damage.
The black bear barely misses you.
You completely miss the black bear.
The black bear is heavily wounded.
You constrict the black bear.
The white imp lashes its tail.
The black bear bites you. The black bear claws you.
* * * LOW HITPOINT WARNING * * *
The black bear closely misses you.
You tentacle-slap the black bear.
The black bear is severely wounded.
You constrict the black bear.
The black bear goes berserk!
You tentacle-slap the black bear. x2
You kill the black bear!
Your Fighting skill increases to level 2!
Your Dodging skill increases to level 3!
Your Stealth skill increases to level 1!
Your Unarmed Combat skill gained 2 levels and is now at level 5!
Your Shapeshifting skill gained 2 levels and is now at level 6!
You have reached level 3!
Your experience leads to an increase in your attributes!
Increase (S)trength, (I)ntelligence, or (D)exterity?
You feel agile. x2
You have reached level 4!
You bludgeon the white imp! You grab the white imp. You squeeze the white imp.
The white imp is almost dead.
You constrict the white imp, but do no damage.
You barely miss the white imp.
The white imp is almost dead.
You constrict the white imp. The white imp gestures at you.
The puff of frost hits you!
* * * LOW HITPOINT WARNING * * *
Unknown command.
You feel better.
You constrict the white imp.
You kill the white imp!
The gnoll sergeant barely misses you.
The gnoll sergeant hits you with a +0 trident!
Ouch! That really hurt!
You die... ▓▓▓▓▓▓▓▓▓▓▓▓▓▓▓▓▓▓ ▓<...'††...)hg5..+ ▓▓▓▓▓▓▓▓▓▓▓▓▓▓▓▓▓▓

You could see a gnoll sergeant and an ufetubus.

Vanquished Creatures
  A black bear (D)
  A white imp (D)
  An orc (D)
  A ball python (D)
  An endoplasm (D)
  A hobgoblin (D)
  A quokka (D)
  A rat (D)
8 creatures vanquished.

Notes
Turn   | Place    | Note
-------+----------+-------------------------------------------
     0 | D        | rocky1 the Octopode Shapeshifter began the quest for the
                  | Orb.
     0 | D        | Reached XP level 1. HP: 13/13 MP: 1/1
    27 | D        | Noticed a black bear
    27 | D        | Noticed a gnoll sergeant
    29 | D        | Reached skill level 4 in Shapeshifting
    29 | D        | Reached XP level 2. HP: 18/18 MP: 2/2
    36 | D        | Killed a black bear
    37 | D        | Reached skill level 1 in Stealth
    37 | D        | Reached skill level 5 in Unarmed Combat
    37 | D        | Reached skill level 6 in Shapeshifting
    37 | D        | Reached XP level 3. HP: 8/24 MP: 3/3
    37 | D        | Reached XP level 4. HP: 9/29 MP: 4/4
    40 | D        | Slain by a gnoll sergeant

Illustrated notes

Levels and vault maps discovered:
D:        linesprint [early_d, line_temple, items_1, d_10, items_2, lair_1,
          lair_end, items_3, orc_1, orc_end, items_4, d_15, swamp_1, shoals_1,
          snake_1, spider_1, d_20, vaults_1, items_5, swamp_end, shoals_end,
          snake_end, spider_end, vaults_end, d_27, items_6, zot_1, zot_end,
          crypt_end, forest_end, elf_end, slime_end, tomb_end, abyss_end,
          pan_hell_end]

Skill      XL: |  1  2 |
---------------+-------+-----
Shapeshifting  | 4 6 |  6.3
Fighting       | 2 |  2.0
Dodging        | 3 |  3.4
Stealth        | 1 |  1.7
Unarmed Combat | 5 |  5.7

Action                     |  1- 3 |  4- 6 || total
---------------------------+-------+-------++-------
  Melee: Unarmed           |    15 |     2 ||    17
         Tentacles         |     5 |     1 ||     6
         Constrict         |     4 |     1 ||     5
         Punch             |     1 |       ||     1
    Use: Potion            |     1 |     1 ||     2
   Stab: Sleeping          |     1 |       ||     1
 Armour: Skin              |     3 |       ||     3
  Dodge: Dodged            |     9 |     1 ||    10

Table legend: (Time is in decaauts)
 A = Elapsed time spent in this place.
 B = Non-inter-level travel time spent in this place.
 C = Inter-level travel time spent in this place.
 D = Time resting spent in this place.
 E = Time spent auto-exploring this place.
 F = Levels seen in this place.
 G = Mean time per level.
                   A        B        C        D        E       F      G
               +--------+--------+--------+--------+--------+-----+--------+
         Total |     38 |     38 |      0 |      9 |      0 |   1 |   38.0 |
       Dungeon |     38 |     38 |      0 |      9 |      0 |   1 |   38.0 |
               +--------+--------+--------+--------+--------+-----+--------+

Top non-repeatable levels by time:
       D: 38 daAuts
